AoeStats
← RDA Ronan

African Clearing

505035932Analyzed
4v4 RM · 25d ago on Sep 7, 2026· 47m 52s· 8 players
Game mode
Random Map
Map size
Large (8 player)
Population
200
Speed
Normal
Resources
Standard
Victory
Conquest
Starting age
Dark Age
Ending age
Imperial Age
RankedLock teamsTeams togetherTeam positionsShared explorationLock speedFull tech treeHidden civsTurbo modeCheats
Victory
Defeat
🇩🇴 Huns · Dominican Republic
1267
+15
🇨🇳 Mapuche · China
1259
+15
🇭🇰 Wei · Hong Kong SAR China
1229
+16
🇹🇷 Japanese · Türkiye
1214
+17
🇦🇷 Vietnamese · Argentina
1255
-16
🇦🇷 Malay · Argentina
1246
-16
🇦🇷 Mongols · Argentina
1234
-16
🇪🇸 Magyars · Spain
1218
-15
RDA | Karnage
4:58 Loom
14:54 Feudal Age
17:42 Bloodlines
20:39 Scale Barding Armor
25:08 Castle Age
27:30 Pikeman
28:14 Scale Mail Armor
31:38 Arson
RDA | Damiii el TORO
4:28 Loom
15:18 Feudal Age
22:41 Castle Age
31:20 Double-Bit Axe
RDA Infernus
3:09 Loom
13:52 Feudal Age
15:30 Double-Bit Axe
17:56 Castle Age
16:02 Fletching
16:15 Padded Archer Armor
18:55 Wheelbarrow
18:32 Bodkin Arrow
19:46 Bow Saw
23:19 Town Watch
24:28 Ballistics
26:34 Hand Cart
28:32 Bloodlines
28:22 Husbandry
32:10 Thumb Ring
35:30 Horse Collar
37:16 Gold Mining
37:17 Stone Mining
38:08 Heavy Plow
38:26 Leather Archer Armor
39:21 Scale Mail Armor
40:56 Chain Mail Armor
40:56 Murder Holes
44:17 Imperial Age
42:04 Squires
41:51 Arson
42:20 Forging
43:33 Stone Shaft Mining
45:04 Iron Casting
44:23 Elite Fire Lancer
45:35 Paper Money
46:27 Chemistry
RDA Ronan
10:11 Loom
13:01 Feudal Age
13:34 Town Watch
18:41 Castle Age
17:23 Double-Bit Axe
17:30 Horse Collar
22:14 Wheelbarrow
21:56 Stone Mining
22:36 Gold Mining
23:03 Bow Saw
30:29 Heavy Plow
30:54 Fletching
31:51 Bodkin Arrow
35:45 Hand Cart
35:50 Thumb Ring
35:49 Padded Archer Armor
36:54 Leather Archer Armor
40:25 Imperial Age
40:15 Bloodlines
40:06 Husbandry
40:12 Scale Barding Armor
40:15 Town Patrol
41:01 Gold Shaft Mining
41:52 Conscription
41:33 Bracer
41:07 Heavy Camel Rider
44:53 Chain Barding Armor
46:50 Elite Mangudai
PoLaiNas
3:56 Loom
13:15 Feudal Age
15:53 Forging
17:26 Scale Barding Armor
21:36 Castle Age
19:23 Horse Collar
20:08 Double-Bit Axe
21:39 Light Cavalry
22:51 Bow Saw
26:35 Iron Casting
26:28 Heavy Plow
29:49 Husbandry
32:20 Wheelbarrow
31:58 Stone Mining
33:19 Gold Mining
34:46 Hand Cart
38:07 Imperial Age
35:53 Bloodlines
36:26 Chain Barding Armor
36:09 Marauders
37:16 Gold Shaft Mining
38:08 Elite Tarkan
39:50 Blast Furnace
39:26 Conscription
40:07 Plate Barding Armor
41:00 Chemistry
40:26 Ballistics
[BPGr] AynenOyle
4:10 Loom
14:50 Feudal Age
15:48 Double-Bit Axe
16:36 Horse Collar
22:41 Castle Age
22:04 Gold Mining
22:46 Bloodlines
23:36 Scale Barding Armor
23:08 Light Cavalry
24:17 Husbandry
24:47 Chain Barding Armor
24:46 Bow Saw
30:44 Fletching
31:04 Forging
31:25 Stone Mining
34:16 Wheelbarrow
33:26 Town Watch
35:03 Heavy Plow
36:54 Hand Cart
38:31 Iron Casting
40:35 Imperial Age
38:47 Bodkin Arrow
38:53 Padded Archer Armor
39:26 Thumb Ring
40:12 Gold Shaft Mining
40:46 Ballistics
41:02 Leather Archer Armor
40:36 Heavy Cavalry Archer
41:18 Bracer
42:33 Two-Man Saw
42:49 Chemistry
42:16 Parthian Tactics
42:15 Conscription
42:49 Ring Archer Armor
43:36 Murder Holes
45:12 Kataparuto
44:59 Siege Engineers
44:50 Town Watch
45:37 Masonry
47:48 Hoardings
48:16 Blast Furnace
naturalandre12
4:28 Loom
15:08 Feudal Age
19:31 Castle Age
17:51 Double-Bit Axe
18:26 Bloodlines
18:25 Horse Collar
19:24 Scale Barding Armor
20:49 Husbandry
26:56 Heavy Plow
28:50 Bow Saw
30:56 Wheelbarrow
31:15 Stone Mining
31:55 Gold Mining
32:17 Man-at-Arms
33:13 Forging
33:04 Scale Mail Armor
33:33 Squires
33:37 Long Swordsman
36:13 Iron Casting
37:47 Fletching
37:57 Padded Archer Armor
38:36 Bodkin Arrow
39:21 Tuntian
40:24 Hand Cart
41:31 Thumb Ring
42:06 Town Watch
43:08 Gold Shaft Mining
43:00 Leather Archer Armor
43:40 Ballistics
43:31 Masonry
45:41 Chain Barding Armor
50:47 Imperial Age
48:19 Town Patrol
ppeng
3:35 Loom
6:22 Loom
12:49 Feudal Age
17:59 Castle Age
16:20 Double-Bit Axe
17:13 Gold Mining
17:10 Horse Collar
17:48 Fletching
18:55 Heavy Plow
19:27 Padded Archer Armor
20:23 Forging
23:09 Bow Saw
23:31 Bodkin Arrow
25:45 Wheelbarrow
25:41 Town Watch
28:37 Leather Archer Armor
30:22 Ballistics
31:10 Hand Cart
31:43 Stone Mining
34:46 Town Patrol
36:06 Coinage
38:35 Imperial Age
36:43 Iron Casting
35:51 Treadmill Crane
36:22 Masonry
37:59 Gold Shaft Mining
38:00 Stone Shaft Mining
39:38 Malon
39:59 Conscription
40:17 Ring Archer Armor
40:23 Banking
40:16 Elite Bolas Rider
41:37 Crop Rotation
42:26 Blast Furnace
42:07 Butalmapu
42:38 Hoardings
45:40 Chemistry
48:22 Scale Mail Armor
Connection lost

Rejoining the realm…

Still unreachable

The connection could not be restored.

Session expired

The server has moved on; the page needs a fresh start.